AoeStats
← Cana

Arabia

504985302Analyzed
1v1 RM · 24d ago on Sep 7, 2026· 42m 3s· 2 players
Game mode
Random Map
Map size
Tiny (2 player)
Population
200
Speed
Normal
Resources
Standard
Victory
Conquest
Starting age
Dark Age
Ending age
Imperial Age
RankedLock teamsTeams togetherTeam positionsShared explorationLock speedFull tech treeHidden civsTurbo modeCheats
Victory
Defeat
🇫🇷 Burmese · France
1724
+8
🇧🇷 Poles · Brazil
1547
-8
mil0
7:32 Loom
10:35 Feudal Age
15:33 Castle Age
22:46 Padded Archer Armor
24:10 Horse Collar
28:31 Redemption
32:40 Wheelbarrow
31:50 Town Watch
37:32 Imperial Age
36:34 Hand Cart
37:52 Fletching
37:39 Elite Arambai
40:20 Bodkin Arrow
40:40 Capped Ram
Cana
5:53 Loom
9:04 Feudal Age
9:41 Double-Bit Axe
18:39 Castle Age
17:49 Bloodlines
20:54 Husbandry
29:24 Szlachta Privileges
33:03 Light Cavalry
Connection lost

Rejoining the realm…

Still unreachable

The connection could not be restored.

Session expired

The server has moved on; the page needs a fresh start.